 Dungeon Crawl Stone Soup version 0.30.1-11-g7821555f0a (webtiles) character file.

Game seed: 2372119366650050765

465 lonewolfV2 the Trooper (level 7, 0/59 HPs)
             Began as a Formicid Fighter on Dec 6, 2023.
             Was an Initiate of Qazlal.
             Constricted to death by a ball python (1 damage)
             ... on level 4 of the Dungeon.
             The game lasted 00:05:53 (3909 turns).

lonewolfV2 the Trooper (Formicid Fighter)           Turns: 3909, Time: 00:05:54

Health: 0/59       AC:  7    Str: 21    XL:     7   Next: 29%
Magic:  7/7        EV:  6    Int: 13    God:    Qazlal [......]
Gold:   275        SH:  6    Dex: 15    Spells: 6/6 levels left

rFire   . . .        a - +1 war axe (vamp)
rCold   . . .        c - +1 buckler
rNeg    . . .        b - +0 scale mail
rPois   .            (helmet unavailable)
rElec   .            (no cloak)
rCorr   .            (no gloves)
SInv    +            (no boots)
Will    .....        (no amulet) Stlth
                     n - +6 ring of intelligence
HPRegen 0.29/turn    (no ring)
MPRegen 0.10/turn

%: no passive effects
@: constricted
A: permanent stasis, dig shafts and tunnels, antennae 3, four strong arms
a: Dig, Shaft Self, Renounce Religion


You were on level 4 of the Dungeon.
You worshipped Qazlal.
Qazlal was noncommittal.
You visited 1 branch of the dungeon, and saw 4 of its levels.

You collected 275 gold pieces.

Inventory:

Hand Weapons
 a - a +1 vampiric war axe (weapon)
Armour
 b - a +0 scale mail (worn)
 c - a +1 buckler (worn)
Jewellery
 n - a +6 ring of intelligence (left hand)
Wands
 k - a wand of polymorph (11)
 l - a wand of iceblast (5)
Scrolls
 e - 3 scrolls of fog
 f - a scroll of fear
 g - a scroll of teleportation
 h - 2 scrolls of enchant armour
 p - a scroll of poison
Potions
 d - a potion of might
 i - a potion of heal wounds {unknown}
 m - a potion of lignification
 o - a potion of brilliance {unknown}


   Skills:
 + Level 6.4 Fighting
 - Level 2.0 Axes
 + Level 6.4 Armour
 - Level 4.0 Shields


You had 6 spell levels left.
You didn't know any spells.
Your spell library contained the following spells:

 Spells                   Type           Power      Damage    Failure   Level
 Stone Arrow              Conj/Erth      0%         3d7       96%         3
 Animate Armour           Summ/Erth      0%         N/A       100%        4
 Lehudib's Crystal Spear  Conj/Erth      0%         10d2      100%        8


Dungeon Overview and Level Annotations

Branches:
Dungeon (4/15)
 Temple: D:4-7

Altars:
Ashenzari
Fedhas
Hepliaklqana
Qazlal
Vehumet

Shops:
D:1 *

Annotations:
D:3 3 runed translucent doors, Okkudo's ghost, amateur HOMo; ritesign's ghost, amateur KoMo


Innate Abilities, Weirdness & Mutations

You cannot be hasted, slowed, berserked, paralysed or teleported.
You can dig through walls and to a lower floor.
You have a pair of large antennae on your head. (SInv)
Your four strong arms can wield two-handed weapons with a shield.


Message History

The orc priest closely misses you. You block the black bear's attack. x2
The black bear claws you but does no damage.
You block the orc priest's attack.
The black bear bites you but does no damage.
The black bear claws you but does no damage. x2
You slash the black bear!
You feel better.
You kill the black bear!
Qazlal accepts your kill. You block the orc priest's attack.
Unknown command.
A ball python comes into view.
The orc priest calls down the wrath of Beogh upon you.
Beogh smites you!
* * * LOW HITPOINT WARNING * * *
Items here: $ )) [ †.
You hit the orc priest but do no damage.
The orc priest hits you but does no damage.
You closely miss the orc priest.
The orc priest casts a cantrip, but nothing happens.
The orc priest looks braver for a moment.
You hit the orc priest.
The orc priest is moderately wounded.
The orc priest mumbles some strange prayers to Beogh against you.
Beogh smites you!
* * * LOW HITPOINT WARNING * * *
You feel better.
The ball python bites you but does no damage.
You block the ball python's attack.
The orc priest hits you but does no damage.
You slash the orc priest!
The orc priest is almost dead.
You closely miss the ball python.
The ball python bites you but does no damage.
You block the ball python's attack.
The orc priest invokes the aid of Beogh against you.
Beogh smites you!
* * * LOW HITPOINT WARNING * * *
The ball python completely misses you. The ball python grabs you.
The ball python constricts you.
You die...

#.[...S.h..# #.......{..
#.......<. #........
#....... ###......
........## #oS# ## ##@#
.# ####)#### .###
#.......#
...##########.#####.#
.#.#...........# #.# #
.#.#.####.####.# #.###.#
.#...#...)...#.####...#[#
.....#.......#.##.......
##
###..#.......#.##.....# .


You could see an orc priest and a ball python.

Vanquished Creatures
  An ogre (D:4)
  A black bear (D:4)
  A scorpion (D:3)
  Jessica (D:3)
  Ijyb (D:3)
  Terence (D:2)
  5 adders
  2 river rats (D:3)
  3 worms
  3 dart slugs
  5 orcs
  5 bats
  4 endoplasms
  2 giant cockroaches
  6 goblins
  7 hobgoblins
  3 quokkas
  8 ball pythons
  6 frilled lizards
  6 kobolds
  13 rats
84 creatures vanquished.

Notes
Turn   | Place    | Note
-------+----------+-------------------------------------------
     0 | D:1      | lonewolfV2 the Formicid Fighter began the quest for the
                  | Orb.
     0 | D:1      | Reached XP level 1. HP: 18/18 MP: 1/1
    49 | D:1      | Reached XP level 2. HP: 12/24 MP: 2/2
   337 | D:1      | Found Moudorag's Assorted Antiques.
   434 | D:1      | Reached XP level 3. HP: 25/30 MP: 3/3
  1174 | D:2      | Noticed Terence
  1189 | D:2      | Killed Terence
  1190 | D:2      | Reached XP level 4. HP: 21/38 MP: 4/4
  1552 | D:2      | Reached XP level 5. HP: 25/43 MP: 5/5
  1626 | D:2      | Found a faded altar of an unknown god.
  1972 | D:3      | Found a runed translucent gate.
  1972 | D:3      | Found a runed translucent gate.
  1972 | D:3      | Found a runed translucent gate.
  1974 | D:3      | Noticed Okkudo's ghost (amateur HOMo)
  1974 | D:3      | Noticed ritesign's ghost (amateur KoMo)
  2171 | D:3      | Found a radiant altar of Vehumet.
  2235 | D:3      | Found a broken altar of Ashenzari.
  2254 | D:3      | Noticed Jessica
  2262 | D:3      | Killed Jessica
  2263 | D:3      | Reached skill level 5 in Fighting
  2263 | D:3      | Reached skill level 5 in Armour
  2342 | D:3      | Noticed Ijyb
  2351 | D:3      | Killed Ijyb
  2608 | D:3      | Reached XP level 6. HP: 47/51 MP: 6/6
  2755 | D:3      | Found a blossoming altar of Fedhas.
  3601 | D:4      | Found a stormy altar of Qazlal.
  3633 | D:4      | Became a worshipper of Qazlal Stormbringer
  3652 | D:4      | Noticed an ogre
  3663 | D:4      | Killed an ogre
  3664 | D:4      | Reached XP level 7. HP: 32/58 MP: 7/7
  3838 | D:4      | Found a hazy altar of Hepliaklqana.
  3909 | D:4      | HP: 1/59 [orc priest/divine providence (12)]
  3909 | D:4      | Constricted to death by a ball python

Illustrated notes

Levels and vault maps discovered:
D:1:      roderic_crop_circles_arrival_small, layout_loops_ring, serial_shops,
          nicolae_shop_statue_plus, minmay_misc_feat_four_crosses, minivault_5
D:2:      layout_basic, chequers_ecumenical_altar_island, uniq_terence
D:3:      layout_loops_corners, nicolae_vehumet_radiance,
          mainiacjoe_overflow_small_starburst, old_standard_altar,
          gammafunk_ghost_cemetery, lightli_sewer_entry_pipes, serial_rivers,
          chequers_serial_rivers_large_b, chequers_serial_rivers_small_b,
          chequers_serial_rivers_micro_a, chequers_serial_rivers_room_a,
          chequers_serial_rivers_small_b, uniq_ijyb, uniq_jessica
D:4:      layout_basic, lemuel_tele_altar, amcnicky_altar_gilded

Skill      XL: |  1  2  3  4  5  6 |
---------------+-------------------+-----
Fighting       | 4 5 6 |  6.4
Armour         | 4 5 6 |  6.4
Axes           | |  2.0
Shields        | |  4.0

Action                     |  1- 3 |  4- 6 |  7- 9 || total
---------------------------+-------+-------+-------++-------
  Melee: War axe           |    80 |   137 |    31 ||   248
    Use: Scroll            |     5 |     8 |       ||    13
         Potion            |       |       |     2 ||     2
 Armour: Scale mail        |    23 |    65 |    21 ||   109
  Dodge: Dodged            |    28 |    77 |    22 ||   127
  Block: Buckler           |    21 |    49 |    16 ||    86
